AoeStats
← thinker

MegaRandom

505176181Analyzed
3v3 RM · 24d ago on Sep 8, 2026· 107m 17s· 6 players
Game mode
Random Map
Map size
Normal (6 player)
Population
200
Speed
Normal
Resources
Standard
Victory
Conquest
Starting age
Dark Age
Ending age
Imperial Age
RankedLock teamsTeams togetherTeam positionsShared explorationLock speedFull tech treeHidden civsTurbo modeCheats
Victory
Defeat
🇨🇳 Vikings · China
1013
+15
🇹🇼 Poles · Taiwan
989
+16
🇨🇳 Khmer · China
914
+19
🇨🇦 Hindustanis · Canada
1004
-17
🇨🇦 Khmer · Canada
1002
-17
🇨🇦 Britons · Canada
973
-16
thinker
0:40 Loom
12:52 Feudal Age
17:05 Castle Age
16:04 Double-Bit Axe
16:03 Horse Collar
21:36 Stone Mining
25:20 Bow Saw
26:24 Stone Shaft Mining
26:53 Gold Mining
30:17 Imperial Age
28:16 Heavy Plow
32:26 Wheelbarrow
32:37 Double Crossbow
36:24 Padded Archer Armor
36:14 Fletching
36:46 Ballistics
37:26 Chemistry
36:39 Elite Ballista Elephant
37:40 Conscription
37:21 Tusk Swords
37:45 Conscription
38:34 Gold Shaft Mining
44:21 Leather Archer Armor
44:02 Bodkin Arrow
48:28 Ring Archer Armor
47:58 Bracer
50:20 Hand Cart
70:38 Murder Holes
70:54 Fortified Wall
70:56 Masonry
70:56 Scale Barding Armor
71:02 Forging
71:34 Coinage
71:06 Caravan
82:36 Banking
88:06 Chain Barding Armor
88:21 Iron Casting
87:22 Elite Skirmisher
103:22 Husbandry
103:37 Bloodlines
102:49 Light Cavalry
103:27 Hussar
107:00 Plate Barding Armor
107:26 Blast Furnace
106:26 Scale Mail Armor
feifei0920097740
3:54 Loom
12:10 Feudal Age
12:44 Horse Collar
12:54 Double-Bit Axe
24:02 Castle Age
22:29 Gold Mining
23:10 Scale Barding Armor
24:11 Stone Mining
24:50 Bloodlines
24:53 Forging
25:39 Bow Saw
25:52 Chain Barding Armor
27:31 Stone Shaft Mining
27:46 Wheelbarrow
35:27 Imperial Age
33:41 Szlachta Privileges
35:33 Cavalier
36:14 Husbandry
37:24 Conscription
38:33 Chemistry
38:27 Fletching
38:38 Padded Archer Armor
39:53 Hand Cart
39:24 Elite Skirmisher
42:55 Light Cavalry
44:55 Iron Casting
44:16 Bodkin Arrow
47:21 Lechitic Legacy
49:47 Winged Hussar
63:53 Blast Furnace
62:53 Bracer
62:18 Pikeman
62:59 Squires
62:44 Arson
63:01 Capped Ram
70:35 Siege Ram
73:52 Caravan
87:13 Coinage
87:19 Thumb Ring
92:52 Scale Mail Armor
93:08 Leather Archer Armor
93:48 Town Watch
97:19 Banking
99:19 Town Patrol
99:43 Ballistics
103:33 Heavy Plow
女生言午
4:07 Loom
10:57 Feudal Age
13:08 Double-Bit Axe
15:46 Castle Age
17:17 Bow Saw
16:52 Horse Collar
18:23 Bow Saw
17:55 Horse Collar
22:12 Scale Barding Armor
22:18 Forging
25:09 Heavy Plow
24:42 Pikeman
25:23 Squires
25:18 Gold Mining
28:37 Light Cavalry
30:08 Scale Mail Armor
30:44 Iron Casting
31:20 Chain Mail Armor
32:03 Gambesons
36:14 Imperial Age
39:29 Conscription
42:08 Elite Berserk
44:07 Bogsveigar
46:25 Arson
54:57 Gold Shaft Mining
61:09 Chieftains
61:44 Cavalier
62:36 Fletching
62:47 Padded Archer Armor
64:29 Two-Man Saw
63:26 Bodkin Arrow
67:22 Elite Skirmisher
70:05 Plate Mail Armor
70:36 Blast Furnace
70:20 Bracer
70:36 Leather Archer Armor
73:17 Ring Archer Armor
73:43 Caravan
76:56 Chain Barding Armor
77:37 Blast Furnace
RadiantRobyn
4:27 Loom
11:09 Feudal Age
17:58 Castle Age
17:22 Gold Mining
17:23 Stone Mining
19:50 Wheelbarrow
19:01 Town Watch
18:56 Light Cavalry
19:47 Bloodlines
23:20 Double-Bit Axe
26:02 Hand Cart
26:54 Bow Saw
26:58 Husbandry
27:30 Scale Mail Armor
28:52 Stone Shaft Mining
30:32 Scale Barding Armor
36:07 Pikeman
36:33 Arson
44:10 Fortified Wall
43:51 Guard Tower
43:57 Murder Holes
44:06 Padded Archer Armor
44:18 Forging
47:27 Town Patrol
49:08 Leather Archer Armor
48:45 Fletching
49:42 Gold Shaft Mining
49:26 Masonry
50:20 Chain Barding Armor
51:20 Elite Skirmisher
52:07 Tusk Swords
53:24 Caravan
59:11 Imperial Age
68:46 Sappers
69:52 Hoardings
73:48 Plate Barding Armor
73:28 Chain Mail Armor
74:57 Conscription
80:20 Cavalier
80:21 Hussar
82:19 Elite Ballista Elephant
87:46 Ballistics
88:27 Chemistry
Frost8
10:49 Feudal Age
14:29 Castle Age
12:25 Double-Bit Axe
13:43 Horse Collar
14:24 Loom
25:33 Imperial Age
25:35 Wheelbarrow
27:29 Chemistry
27:01 Block Printing
27:20 Sanctity
28:53 Forging
31:26 Redemption
32:08 Fervor
32:24 Illumination
33:36 Scale Barding Armor
34:07 Iron Casting
35:20 Husbandry
35:30 Bloodlines
35:43 Heavy Camel Rider
36:58 Heavy Camel Rider
38:08 Ballistics
38:11 Chain Barding Armor
38:52 Blast Furnace
45:39 Shatagni
45:59 Conscription
48:03 Imperial Camel Rider
49:42 Padded Archer Armor
51:16 Fletching
52:08 Masonry
52:38 Bodkin Arrow
53:22 Plate Barding Armor
52:13 Light Cavalry
53:34 Caravan
58:47 Bracer
60:45 Hussar
68:37 Grand Trunk Road
69:12 Coinage
69:36 Leather Archer Armor
73:26 Hand Cart
74:25 Bow Saw
74:21 Heavy Plow
74:27 Town Watch
79:34 Siege Engineers
81:31 Ring Archer Armor
Nikahn
13:03 Feudal Age
11:23 Loom
19:32 Castle Age
18:09 Horse Collar
19:44 Double-Bit Axe
26:16 Fletching
26:27 Padded Archer Armor
27:13 Wheelbarrow
26:39 Gold Mining
31:26 Imperial Age
31:02 Yeomen
31:00 Bow Saw
30:54 Heavy Plow
32:23 Leather Archer Armor
33:00 Conscription
35:40 Ballistics
36:20 Chemistry
35:18 Bodkin Arrow
35:54 Ring Archer Armor
36:02 Elite Longbowman
46:46 Bracer
50:06 Caravan
71:34 Coinage
71:15 Guilds
94:55 Crossbowman
95:31 Arbalester
Connection lost

Rejoining the realm…

Still unreachable

The connection could not be restored.

Session expired

The server has moved on; the page needs a fresh start.